[Event "II. Magyar E-mail Döntõ"]
[Site "E4EC"]
[Date "2005.01.07"]
[Round "1"]
[White "Magó, Zsolt"]
[Black "Jánosi, Ervin"]
[Board "7123"]
[TimeControl "10/50"]
[WhiteElo "1848"]
[BlackElo "2385"]
[WhiteCountry "HUN"]
[BlackCountry "HUN"]
[Result "1/2-1/2"]

1.e4 c5 2.Nf3 Nc6 3.d4 cxd4 4.Nxd4 Nf6 5.Nc3 e5 6.Ndb5 d6 7.Bg5 a6
8.Na3 b5 9.Nd5 Be7 10.Bxf6 Bxf6 11.c3 O-O 12.Nc2 Bg5 13.a4 bxa4
14.Rxa4 a5 15.Bc4 Rb8 16.b3 Kh8 17.O-O f5 18.exf5 Bxf5 19.Nce3 Bg6
20.Be2 Bf7 21.Nc4 Rb5 22.Nde3 Rb8 23.Nd5 Rb5 1/2-1/2

[Event "II. Magyar E-mail Döntõ"]
[Site "E4EC"]
[Date "2004.12.28"]
[Round "1"]
[White "Magó, Zsolt"]
[Black "Vecsei, Vilmos"]
[Board "7124"]
[TimeControl "10/50"]
[WhiteElo "1848"]
[BlackElo "1913"]
[WhiteCountry "HUN"]
[BlackCountry "HUN"]
[Result "1-0"]

1.e4 c5 2.Nf3 d6 3.d4 cxd4 4.Nxd4 Nf6 5.Nc3 a6 6.Be3 e6 7.Be2 Be7
8.f4 Qc7 9.O-O Nc6 10.a4 O-O 11.Kh1 e5 12.Nxc6 bxc6 13.Qe1 exf4
14.Bxf4 Nd7 15.Qg3 Ne5 16.Bxe5 dxe5 17.Bc4 Qd6 18.Rad1 Qc5 19.b3 a5
20.Ne2 Ba6 21.Bxa6 Rxa6 22.Qg4 Ra7 23.Rd2 Qe3 24.Rd3 Qg5 25.Qxg5 Bxg5
26.Rc3 Ra6 27.Ng1 Be7 28.Nf3 f6 29.Rd1 Rb8 30.Rd7 Kf7 31.Nd2 Ke6
32.Rcd3 Rba8 33.g4 R8a7 34.Rxa7 Rxa7 35.Kg2 g6 36.Nc4 Bb4 37.Rd8 Ke7
38.Rg8 Ke6 39.h4 Bc3 40.Kf3 Bb4 41.h5 g5 42.h6 Bc3 43.Ne3 Bb4
44.Nf5 Rd7 45.Rc8 c5 46.Ne3 1-0

[Event "II. Magyar E-mail Döntõ"]
[Site "E4EC"]
[Date "2004.12.28"]
[Round "1"]
[White "Magó, Zsolt"]
[Black "Oltean, Gusztav"]
[Board "7125"]
[TimeControl "10/50"]
[WhiteElo "1848"]
[BlackElo "2069"]
[WhiteCountry "HUN"]
[BlackCountry "HUN"]
[Result "1-0"]

1.e4 c5 2.Nf3 d6 3.d4 cxd4 4.Nxd4 Nf6 5.Nc3 a6 6.Be3 e6 7.Be2 Qc7
8.f4 b5 9.a3 Bb7 10.Bf3 Nbd7 11.Qe2 Be7 12.g4 Nb6 13.g5 Nfd7
14.O-O-O Nc4 15.Bg4 O-O 16.h4 Rac8 17.Nxe6 fxe6 18.Bxe6+ Kh8
19.h5 Rce8 20.h6 g6 21.Bd4+ Bf6 22.gxf6 Rxe6 23.Nd5 Qd8 24.f7+ Nf6
25.Nxf6 Rxf6 26.e5 1-0

[Event "II. Magyar E-mail Döntõ"]
[Site "E4EC"]
[Date "2004.12.29"]
[Round "1"]
[White "Magó, Zsolt"]
[Black "Lakatos, András"]
[Board "7126"]
[TimeControl "10/50"]
[WhiteElo "1848"]
[BlackElo "2222"]
[WhiteCountry "HUN"]
[BlackCountry "HUN"]
[Result "1-0"]

1.e4 e6 2.d4 d5 3.Nc3 dxe4 4.Nxe4 Bd7 5.Nf3 Bc6 6.Bd3 Nd7 7.O-O Ngf6
8.Ng3 Be7 9.c4 Bxf3 10.Qxf3 c6 11.Bd2 O-O 12.a3 c5 13.Bc3 Qc7
14.d5 Bd6 15.Rae1 exd5 16.cxd5 c4 17.Bf5 Be5 18.Ne4 Bxc3 19.d6 Qc6
20.bxc3 Rad8 21.Rd1 Rfe8 22.Rd4 Qa6 23.Rfd1 h6 24.Nxf6+ Nxf6 25.d7 Re5
26.g4 Qxa3 27.Rxc4 Rc5 28.Rdd4 Qa1+ 29.Kg2 Qa5 30.Rxc5 Qxc5 31.h4 h5
32.g5 Ng4 33.Kg1 Qc7 34.Bxg4 hxg4 35.Qxg4 g6 36.h5 gxh5 37.Qe2 Kf8
38.Qxh5 Qe5 39.Qh4 Kg7 40.Re4 Qd6 41.g6 Rh8 42.Qxh8+ Kxh8 43.Re8+ Kg7
44.d8=Q Qxg6+ 45.Kh2 1-0

[Event "II. Magyar E-mail Döntõ"]
[Site "E4EC"]
[Date "2005.01.01"]
[Round "1"]
[White "Magó, Zsolt"]
[Black "Csólig, Róbert"]
[Board "7128"]
[TimeControl "10/50"]
[WhiteElo "1848"]
[BlackElo "2150"]
[WhiteCountry "HUN"]
[BlackCountry "HUN"]
[Result "1/2-1/2"]

1.e4 e5 2.Nf3 Nc6 3.Bb5 a6 4.Ba4 Nf6 5.O-O Be7 6.Re1 b5 7.Bb3 O-O
8.c3 d5 9.exd5 Nxd5 10.Nxe5 Nxe5 11.Rxe5 c6 12.d4 Bd6 13.Re1 Qh4
14.g3 Qh3 15.Be3 Bg4 16.Qd3 Rae8 17.Nd2 Re6 18.a4 f5 19.Qf1 Qh5
20.Bxd5 cxd5 21.axb5 Bh3 22.Qd3 axb5 23.f4 Rb8 24.Bf2 Rxe1+
25.Rxe1 Qg6 26.Qf3 Qf7 27.Nf1 Bxf1 28.Rxf1 Ra8 29.Qd3 Qd7 30.Re1 g6
31.Qf3 Qc6 32.Qe3 Qd7 33.Qe2 Kf7 34.b3 Re8 35.Qf3 Rxe1+ 36.Bxe1 Qe6
37.Kf2 Be7 38.Qe2 Qxe2+ 39.Kxe2 Ke6 40.Kd3 Kd6 41.c4 Kc6 42.Ba5 h5
43.h4 Ba3 44.Bc3 Be7 45.c5 1/2-1/2

[Event "II. Magyar E-mail Döntõ"]
[Site "E4EC"]
[Date "2004.12.28"]
[Round "1"]
[White "Magó, Zsolt"]
[Black "Biró, István"]
[Board "7129"]
[TimeControl "10/50"]
[WhiteElo "1848"]
[BlackElo "1896"]
[WhiteCountry "HUN"]
[BlackCountry "HUN"]
[Result "1-0"]

1.d4 Nf6 2.c4 e6 3.Nc3 Bb4 4.Qc2 d6 5.Bg5 Nbd7 6.e3 h6 7.Bh4 e5
8.Nf3 exd4 9.exd4 O-O 10.Be2 Bxc3+ 11.bxc3 Nb6 12.O-O Bg4 13.a4 a5
14.Rfe1 Re8 15.h3 Bh5 16.g4 Bg6 17.Bd3 Bxd3 18.Qxd3 Rxe1+ 19.Rxe1 Nxa4
20.g5 hxg5 21.Bxg5 Kh8 22.Re4 Nb6 23.Rh4+ Kg8 24.Bxf6 Qxf6 25.c5 Qg6+
26.Qxg6 fxg6 27.cxb6 cxb6 28.Re4 a4 29.d5 a3 30.Re1 Rc8 31.Ng5 Kf8
32.Ne4 Ke7 33.Re2 Ra8 34.Ra2 Kd7 35.Nd2 Ra5 36.Nf3 Ke7 37.Nd4 Kf6
38.Nc2 Ke5 39.Rxa3 Kxd5 40.Kf1 Kc4 41.Ke2 d5 42.Ne3+ Kc5 43.Rb3 Ra2+
44.Ke1 b5 45.Rb1 Ra4 46.Nc2 g5 47.f3 d4 48.cxd4+ Kc4 49.Kd2 b4
50.d5 Kxd5 51.Rxb4 Rxb4 52.Nxb4+ Kc4 53.Nc2 Kd5 54.Na3 Ke5 55.Ke3 Kd5
56.Nb5 Ke5 57.Nc3 Kf5 58.Ne4 Kg6 59.Ng3 Kf6 60.Kd4 Kg6 61.Kc5 Kf6
62.Kb6 Ke5 63.Ne2 Kd5 64.Kxb7 Kc4 65.Ng3 1-0

[Event "II. Magyar E-mail Döntõ"]
[Site "E4EC"]
[Date "2004.12.27"]
[Round "1"]
[White "Oltean, Gusztav"]
[Black "Darvasi, Ferenc"]
[Board "7130"]
[TimeControl "10/50"]
[WhiteElo "2069"]
[BlackElo "2315"]
[WhiteCountry "HUN"]
[BlackCountry "HUN"]
[Result "0-1"]

1.e4 c5 2.Nf3 d6 3.d4 cxd4 4.Nxd4 Nf6 5.Nc3 a6 6.Bg5 e6 7.f4 Qb6
8.Nb3 Be7 9.Qf3 Nbd7 10.O-O-O Qc7 11.g4 b5 12.Bd3 Bb7 13.h4 Nc5
14.Nxc5 dxc5 15.f5 b4 16.Bxf6 Bxf6 17.g5 Be5 18.Na4 c4 19.Be2 exf5
20.Qxf5 b3 21.Kb1 bxc2+ 22.Kxc2 O-O 23.Nc3 g6 24.Qd7 Qb6 25.Qg4 Rfe8
26.Bf3 Rab8 27.Rb1 Qf2+ 28.Ne2 Bc6 0-1

[Event "II. Magyar E-mail Döntõ"]
[Site "E4EC"]
[Date "2004.12.27"]
[Round "1"]
[White "Oltean, Gusztav"]
[Black "Száva, Miklós"]
[Board "7131"]
[TimeControl "10/50"]
[WhiteElo "2069"]
[BlackElo "2021"]
[WhiteCountry "HUN"]
[BlackCountry "HUN"]
[Result "0-1"]

1.e4 c5 2.Nf3 d6 3.d4 cxd4 4.Nxd4 Nf6 5.Nc3 g6 6.Be3 Bg7 7.f3 O-O
8.Qd2 Nc6 9.Bc4 Bd7 10.O-O-O Rc8 11.Bb3 Ne5 12.g4 b5 13.g5 b4
14.Nce2 Nh5 15.Ng3 a5 16.Nxh5 gxh5 17.Nf5 a4 18.Bd5 e6 19.Nxg7 exd5
20.Nxh5 b3 21.axb3 axb3 22.Nf6+ Kh8 23.Qb4 Rxc2+ 24.Kb1 Qa8
25.Qxb3 Ba4 26.Qxd5 Qa6 27.Rd2 Nc4 0-1

[Event "II. Magyar E-mail Döntõ"]
[Site "E4EC"]
[Date "2004.12.30"]
[Round "1"]
[White "Oltean, Gusztav"]
[Black "Tóth, József"]
[Board "7132"]
[TimeControl "10/50"]
[WhiteElo "2069"]
[BlackElo "2133"]
[WhiteCountry "HUN"]
[BlackCountry "HUN"]
[Result "0-1"]

1.e4 e5 2.Nf3 Nc6 3.Bb5 Bc5 4.O-O Nf6 5.c3 Bb6 6.d4 O-O 7.Re1 d6
8.a4 a6 9.Bxc6 bxc6 10.a5 Ba7 11.Bg5 h6 12.Bh4 g6 13.dxe5 g5
14.exf6 gxh4 15.Qa4 Qxf6 16.Qxc6 Rb8 17.b4 h3 18.Qxc7 Bb7 19.Nbd2 hxg2
20.b5 Bc5 21.c4 Ba8 22.Qd7 Qf4 23.Rab1 f5 24.Rb3 fxe4 25.Qe6+ Kh8
26.Nxe4 Rbe8 27.Nxc5 Rxe6 28.Nxe6 Qxc4 29.Nd2 Qc2 30.Nxf8 Qxd2
31.Ra1 Qc2 32.Rab1 Bd5 33.R3b2 Qd3 34.b6 Bc4 35.Kxg2 Bd5+ 36.Kg1 Bb7
37.Rb3 Qf5 38.Kf1 Kg7 39.Nd7 Qxd7 40.Rc1 Qa4 41.Rc7+ Kf6 42.Rb1 Be4 0-1

[Event "II. Magyar E-mail Döntõ"]
[Site "E4EC"]
[Date "2005.01.07"]
[Round "1"]
[White "Oltean, Gusztav"]
[Black "Szabó, Zoltán"]
[Board "7133"]
[TimeControl "10/50"]
[WhiteElo "2069"]
[BlackElo "1834"]
[WhiteCountry "HUN"]
[BlackCountry "HUN"]
[Result "1/2-1/2"]

1.e4 c5 2.Nf3 e6 3.d4 cxd4 4.Nxd4 Nf6 5.Nc3 Bb4 6.e5 Nd5 7.Qg4 O-O
8.Bh6 g6 9.Bxf8 Qxf8 10.Qg3 Qc5 11.Nde2 Nc6 12.Rd1 b6 13.a3 Bxc3+
14.Nxc3 Nxc3 15.Qxc3 Qxc3+ 16.bxc3 Nxe5 17.Rd6 Kf8 18.f4 Ng4
19.Be2 Ne3 20.Kf2 Nd5 21.Bf3 Ke7 22.Bxd5 Rb8 23.Bxe6 Kxd6 24.Bxf7 Ba6
25.Rd1+ Ke7 26.Bb3 Rc8 27.Re1+ Kf6 28.Re3 Bc4 29.g4 h5 30.Kg3 hxg4
31.Kxg4 Be6+ 32.Kf3 1/2-1/2

[Event "II. Magyar E-mail Döntõ"]
[Site "E4EC"]
[Date "2004.12.28"]
[Round "1"]
[White "Oltean, Gusztav"]
[Black "Kresz, László"]
[Board "7134"]
[TimeControl "10/50"]
[WhiteElo "2069"]
[BlackElo "1800"]
[WhiteCountry "HUN"]
[BlackCountry "HUN"]
[Result "0-1"]

1.e4 e5 2.Nf3 Nc6 3.Bb5 a6 4.Ba4 Nf6 5.O-O Be7 6.Re1 b5 7.Bb3 O-O
8.h3 d6 9.c3 Na5 10.Bc2 c5 11.d4 cxd4 12.cxd4 Bb7 13.Nc3 Qc7
14.Qe2 Rac8 15.Bd3 h6 16.Nd1 exd4 17.Nxd4 Rfe8 18.Bf4 Bf8 19.Rc1 Qd7
20.Rxc8 Qxc8 21.Qd2 Nc4 22.Bxc4 Qxc4 23.b3 Qc5 24.b4 Qb6 25.f3 d5
26.e5 Nd7 27.Nf2 Qg6 28.a3 Nb6 29.Qd3 Qxd3 30.Nxd3 Nc4 31.Bc1 Bc8
32.f4 Be7 33.Nc5 Kh7 34.Re2 Bd8 35.Kf2 Bb6 36.g4 h5 37.Kf3 hxg4+
38.hxg4 Kg8 39.g5 Re7 40.Kg3 Kf8 41.Rh2 Kg8 42.Re2 g6 43.Rh2 Rc7
44.Ndb3 a5 0-1

[Event "II. Magyar E-mail Döntõ"]
[Site "E4EC"]
[Date "2004.12.26"]
[Round "1"]
[White "Oltean, Gusztav"]
[Black "Szabó, Zsolt"]
[Board "7135"]
[TimeControl "10/50"]
[WhiteElo "2069"]
[BlackElo "2314"]
[WhiteCountry "HUN"]
[BlackCountry "HUN"]
[Result "0-1"]

1.e4 e5 2.Nf3 Nc6 3.Bb5 a6 4.Ba4 Nf6 5.O-O Be7 6.Re1 b5 7.Bb3 O-O
8.h3 d6 9.c3 Bb7 10.d4 Re8 11.Ng5 Rf8 12.Nf3 Nd7 13.Nbd2 Bf6
14.Nf1 Re8 15.Ng3 g6 16.a4 Na5 17.Bc2 exd4 18.cxd4 c5 19.axb5 axb5
20.Bh6 Nc4 21.Rxa8 Qxa8 22.dxc5 Nxc5 23.b3 Ne5 24.Qxd6 Nxf3+
25.gxf3 Ne6 26.Ne2 Qc8 27.Bb1 Bb2 28.Qd2 Bf6 29.Rc1 Qa8 30.Be3 Rd8
31.Qb4 Bc6 32.Nf4 Nxf4 33.Bxf4 Qc8 34.Kg2 Qe6 35.Be3 Be7 36.Qc3 Bd7
37.Rh1 b4 38.Qc2 Qd6 39.f4 Be6 40.Re1 Rc8 41.Qb2 Rc3 42.Bc2 Bxh3+
43.Kh2 Bg4 44.Rg1 h5 45.e5 Qd5 46.Rg3 Bh4 0-1

[Event "II. Magyar E-mail Döntõ"]
[Site "E4EC"]
[Date "2005.01.02"]
[Round "1"]
[White "Oltean, Gusztav"]
[Black "Kovács, Arthur"]
[Board "7136"]
[TimeControl "10/50"]
[WhiteElo "2069"]
[BlackElo "2278"]
[WhiteCountry "HUN"]
[BlackCountry "HUN"]
[Result "0-1"]

1.e4 e5 2.Nf3 Nc6 3.Bb5 a6 4.Ba4 Nf6 5.O-O Be7 6.Re1 b5 7.Bb3 d6
8.c3 O-O 9.h3 Nb8 10.d4 Nbd7 11.Nbd2 Bb7 12.Bc2 Re8 13.Nf1 Bf8
14.Ng3 g6 15.a4 c5 16.d5 c4 17.Bg5 h6 18.Be3 Nc5 19.Qd2 h5
20.axb5 axb5 21.Rxa8 Qxa8 22.Bh6 Qd8 23.Bxf8 Rxf8 24.Qh6 Qe7
25.Ra1 Rb8 26.Ra7 Nfd7 27.Ng5 Qf6 28.Nf1 Qg7 29.Qxg7+ Kxg7 30.Nd2 Na6 0-1

[Event "II. Magyar E-mail Döntõ"]
[Site "E4EC"]
[Date "2005.01.07"]
[Round "1"]
[White "Tóth, József"]
[Black "Jánosi, Ervin"]
[Board "7137"]
[TimeControl "10/50"]
[WhiteElo "2133"]
[BlackElo "2385"]
[WhiteCountry "HUN"]
[BlackCountry "HUN"]
[Result "0-1"]

1.e4 c5 2.Nf3 Nc6 3.d4 cxd4 4.Nxd4 Nf6 5.Nc3 d6 6.Bg5 Bd7 7.Qd2 Rc8
8.O-O-O Nxd4 9.Qxd4 Qa5 10.Bd2 a6 11.Kb1 Qc5 12.Qxc5 Rxc5 13.f3 g6
14.g4 h6 15.Be3 Rc6 16.h4 Bg7 17.Rg1 Be6 18.Nd5 h5 19.g5 Nd7
20.Bg2 Bxd5 21.exd5 Rc4 22.f4 O-O 23.Rge1 b5 24.Bh3 Rc7 25.Rd2 Rb8
26.Rde2 Rbb7 27.Bg2 Kf8 28.Rf1 Ke8 29.Bf3 b4 30.Ree1 Rb5 31.f5 gxf5
32.Rd1 Ne5 33.Be2 Nc4 34.Bc1 Rcc5 35.b3 Nb6 36.Rxf5 e6 37.Bxb5+ axb5
38.Rf3 Nxd5 39.Bb2 Bc3 40.Kc1 Rc6 41.Bxc3 bxc3 42.Rd4 b4 43.a4 bxa3
44.Ra4 e5 45.Re3 Nxe3 0-1

[Event "II. Magyar E-mail Döntõ"]
[Site "E4EC"]
[Date "2004.12.30"]
[Round "1"]
[White "Tóth, József"]
[Black "Vecsei, Vilmos"]
[Board "7138"]
[TimeControl "10/50"]
[WhiteElo "2133"]
[BlackElo "1913"]
[WhiteCountry "HUN"]
[BlackCountry "HUN"]
[Result "1/2-1/2"]

1.e4 e5 2.Nf3 Nc6 3.Bb5 a6 4.Ba4 Nf6 5.O-O Be7 6.Re1 b5 7.Bb3 O-O
8.a4 Bb7 9.d3 d6 10.Nc3 Na5 11.Ba2 b4 12.Ne2 c5 13.c3 bxc3 14.bxc3 c4
15.Ng3 cxd3 16.Qxd3 Bc8 17.Rb1 Be6 18.Bd5 Nxd5 19.exd5 Bd7 20.Be3 Qc8
21.Nd2 f5 22.Bb6 e4 23.Qe2 Bd8 24.Bxd8 Qxd8 25.Nc4 Nxc4 26.Qxc4 Qa5
27.Rb4 Rac8 28.Qb3 Qc5 29.Ne2 a5 30.Rb7 Rf7 31.Rb1 f4 32.Nd4 Qxc3
33.Qxc3 Rxc3 34.Ra7 Bxa4 35.Rxa5 Bd7 36.Ra8+ Rc8 37.Rxc8+ Bxc8
38.Rb8 Rc7 39.Nc6 Kf7 40.Rb4 g5 41.Rc4 Kf6 42.Rxe4 Bd7 43.h4 h6
44.Re7 Rxc6 45.Rxd7 Rc1+ 46.Kh2 Ke5 47.h5 g4 48.f3 gxf3 49.gxf3 Rc2+
50.Kh3 Rf2 51.Kg4 Rg2+ 52.Kh4 Kxd5 53.Rd8 Rg3 54.Rxd6+ 1/2-1/2

[Event "II. Magyar E-mail Döntõ"]
[Site "E4EC"]
[Date "2004.12.30"]
[Round "1"]
[White "Tóth, József"]
[Black "Magó, Zsolt"]
[Board "7139"]
[TimeControl "10/50"]
[WhiteElo "2133"]
[BlackElo "1848"]
[WhiteCountry "HUN"]
[BlackCountry "HUN"]
[Result "1/2-1/2"]

1.e4 c5 2.Nf3 d6 3.d4 cxd4 4.Nxd4 Nf6 5.Nc3 g6 6.Be3 Bg7 7.f3 O-O
8.Qd2 Nc6 9.Bc4 Bd7 10.O-O-O Rc8 11.Bb3 Ne5 12.h4 h5 13.Bh6 Nc4
14.Bxc4 Rxc4 15.Bxg7 Kxg7 16.Rhe1 Qa5 17.Nb3 Qc7 18.Kb1 Rc8 19.Qg5 b5
20.Nd4 Rc5 21.Qd2 Qd8 22.a3 a5 23.g3 b4 24.axb4 axb4 25.Na2 Ra8
26.Nb3 Qb6 27.Nxb4 Rc4 28.Na2 Be6 29.Nc3 Qa7 30.Qe3 Rc5 31.Qd4 Bxb3
32.cxb3 e5 33.Qe3 Qb8 34.Na4 Rb5 35.Rd3 Ra7 36.Red1 Rd7 37.Qe2 Rxb3
38.Rxb3 Qxb3 39.Nc3 Rb7 40.Rd3 Qb6 41.Nd1 Ne8 42.Ne3 Ra7 43.Qd2 Ra6
44.Nc2 Nf6 45.Qb4 Qa7 46.Qd2 Qg1+ 47.Qe1 Qh2 48.Ne3 Qh3 49.Ra3 Rb6
50.Ra8 Rc6 51.Qf2 Qh1+ 52.Qf1 Qh2 53.Ka2 Qd2 54.Qb5 Rc5 55.Qb3 d5
56.Qa3 Nd7 57.Nxd5 Rc1 58.Nc3 Qe1 59.Kb3 Qf2 60.Ra5 1/2-1/2

[Event "II. Magyar E-mail Döntõ"]
[Site "E4EC"]
[Date "2004.12.30"]
[Round "1"]
[White "Tóth, József"]
[Black "Lakatos, András"]
[Board "7140"]
[TimeControl "10/50"]
[WhiteElo "2133"]
[BlackElo "2222"]
[WhiteCountry "HUN"]
[BlackCountry "HUN"]
[Result "1-0"]

1.e4 e6 2.d4 d5 3.Nc3 dxe4 4.Nxe4 Bd7 5.Nf3 Bc6 6.Bd3 Nd7 7.c3 Ngf6
8.Nxf6+ Nxf6 9.O-O Bxf3 10.Qxf3 c6 11.Bg5 Be7 12.Bf4 Qd5 13.Qe2 Qh5
14.Qd2 Nd5 15.Be5 Bf6 16.f4 O-O-O 17.Rf3 Bxe5 18.fxe5 f5 19.exf6 gxf6
20.Re1 Rd6 21.Rh3 Qf7 22.Qh6 Kb8 23.Rf1 Rf8 24.Be4 Qe7 25.Qxh7 Qd8
26.Qh4 Rd7 27.Bxd5 exd5 28.Re3 a6 29.Re6 Ka7 30.Rfxf6 Rg7 31.Rf4 Qb8
32.Rxf8 Qxf8 33.Re1 Qg8 34.Re2 Qf7 35.a4 Rh7 36.Qe1 Qh5 37.h3 Rg7
38.Kh2 Qg6 39.b4 Qd6+ 40.g3 Qd7 41.g4 Rh7 42.Kg2 Qf7 43.b5 Qg6
44.Rb2 cxb5 45.axb5 axb5 46.Qe2 Qh6 47.Qd3 Kb8 48.Rxb5 Re7 49.Qg3+ Ka7
50.g5 Qg6 51.Rb2 Rg7 52.h4 1-0

[Event "II. Magyar E-mail Döntõ"]
[Site "E4EC"]
[Date "2004.12.30"]
[Round "1"]
[White "Tóth, József"]
[Black "Tímár, Zsolt"]
[Board "7141"]
[TimeControl "10/50"]
[WhiteElo "2133"]
[BlackElo "2461"]
[WhiteCountry "HUN"]
[BlackCountry "HUN"]
[Result "1-0"]

1.e4 c5 2.Nf3 d6 3.d4 cxd4 4.Nxd4 Nf6 5.Nc3 g6 6.Be3 Bg7 7.f3 O-O
8.Qd2 Nc6 9.Bc4 Bd7 10.O-O-O Qa5 11.Bb3 1-0

[Event "II. Magyar E-mail Döntõ"]
[Site "E4EC"]
[Date "2005.01.01"]
[Round "1"]
[White "Tóth, József"]
[Black "Csólig, Róbert"]
[Board "7142"]
[TimeControl "10/50"]
[WhiteElo "2133"]
[BlackElo "2150"]
[WhiteCountry "HUN"]
[BlackCountry "HUN"]
[Result "1-0"]

1.e4 c5 2.Nf3 d6 3.d4 cxd4 4.Nxd4 Nf6 5.Nc3 a6 6.Bg5 e6 7.f4 Be7
8.Qf3 Qc7 9.O-O-O Nbd7 10.g4 b5 11.Bxf6 Nxf6 12.g5 Nd7 13.f5 Nc5
14.f6 gxf6 15.gxf6 Bf8 16.Rg1 h5 17.a3 Bd7 18.Be2 Rb8 19.b4 Nb7
20.Kb1 Nd8 21.Qe3 Nc6 22.Nd5 Qd8 23.Nf3 Rb7 24.Rg5 Bc8 25.Qc3 Nb8
26.Ne7 Qc7 27.Qe3 Nc6 28.Nd5 Qd8 29.Qc3 Nb8 30.Nf4 Rc7 31.Qe3 Qxf6
32.e5 dxe5 33.Rxe5 Be7 34.Rg1 1-0

[Event "II. Magyar E-mail Döntõ"]
[Site "E4EC"]
[Date "2004.12.30"]
[Round "1"]
[White "Tóth, József"]
[Black "Biró, István"]
[Board "7143"]
[TimeControl "10/50"]
[WhiteElo "2133"]
[BlackElo "1896"]
[WhiteCountry "HUN"]
[BlackCountry "HUN"]
[Result "1-0"]

1.e4 e5 2.Nf3 Nc6 3.Bb5 a6 4.Ba4 Nf6 5.O-O Be7 6.Re1 b5 7.Bb3 O-O
8.h3 Bb7 9.d3 Re8 10.a4 b4 11.Nbd2 Bc5 12.a5 h6 13.c3 Rb8 14.Qc2 d6
15.Ba4 Nd7 16.Nb3 bxc3 17.bxc3 Ba7 18.d4 exd4 19.Nbxd4 Nxd4
20.cxd4 Re6 21.Bf4 Rg6 22.Rad1 Nf8 23.Bc6 Rf6 24.Bg3 Ne6 25.Bxb7 Rxb7
26.Qc3 Rb5 27.Nh4 Nxd4 28.Rxd4 Bxd4 29.Qxd4 Re6 30.Rc1 c5 31.Qd5 Rxa5
32.Nf5 Qf6 33.Kh2 h5 34.h4 Qd8 35.Rc4 Ra3 36.Rxc5 Rxg3 37.Kxg3 Rxe4
38.Rc6 Re6 39.Nxd6 Qd7 40.Rc8+ Kh7 41.Qxh5+ Rh6 42.Qf5+ Rg6+
43.Kh3 Qxf5+ 44.Nxf5 Rf6 45.g4 g6 46.Nh6 Rxf2 47.g5 Rf3+ 48.Kg2 Rf4
49.Kg3 Rf1 50.Ng4 Kg7 51.Nf6 Rxf6 52.gxf6+ Kxf6 53.Rc6+ Kg7
54.Rxa6 Kg8 55.Kg4 1-0

[Event "II. Magyar E-mail Döntõ"]
[Site "E4EC"]
[Date "2004.12.29"]
[Round "1"]
[White "Lakatos, András"]
[Black "Darvasi, Ferenc"]
[Board "7144"]
[TimeControl "10/50"]
[WhiteElo "2222"]
[BlackElo "2315"]
[WhiteCountry "HUN"]
[BlackCountry "HUN"]
[Result "1/2-1/2"]

1.d4 Nf6 2.Nf3 g6 3.c4 Bg7 4.Nc3 d5 5.Qb3 dxc4 6.Qxc4 O-O 7.e4 a6
8.Be2 b5 9.Qb3 c5 10.dxc5 Bb7 11.e5 Nfd7 12.Be3 e6 13.a4 Qa5 14.O-O b4
15.Na2 Nc6 16.Rfd1 Ndxe5 17.Nxe5 Bxe5 18.f4 Bg7 19.Rd7 Rab8 20.Bf3 Ba8
21.Rad1 Rfd8 22.Rxd8+ Rxd8 23.Rxd8+ Qxd8 24.Bxc6 Bxc6 25.Nxb4 Qa5
26.h3 Bxa4 27.Qa3 Bf8 28.Nd3 Qb5 29.Qc3 a5 30.Kf2 Be7 31.Ne5 Qb4
32.Qxb4 axb4 33.Ke2 Kf8 34.g4 1/2-1/2

[Event "II. Magyar E-mail Döntõ"]
[Site "E4EC"]
[Date "2004.12.29"]
[Round "1"]
[White "Lakatos, András"]
[Black "Száva, Miklós"]
[Board "7145"]
[TimeControl "10/50"]
[WhiteElo "2222"]
[BlackElo "2021"]
[WhiteCountry "HUN"]
[BlackCountry "HUN"]
[Result "1/2-1/2"]

1.d4 Nf6 2.c4 g6 3.Nc3 d5 4.cxd5 Nxd5 5.e4 Nxc3 6.bxc3 Bg7 7.Be3 c5
8.Qd2 cxd4 9.cxd4 Nc6 10.Bb5 O-O 11.Ne2 Qa5 12.Qxa5 Nxa5 13.Rc1 a6
14.Bd3 Nc6 15.Bb1 Bd7 16.d5 Ne5 17.f4 Ng4 18.Bc5 Rfe8 19.e5 e6
20.d6 f6 21.h3 Nh6 22.exf6 Bxf6 23.Be4 Bb5 24.Kf2 Rad8 25.Rhd1 Rd7
26.Bb4 Nf7 27.Rc7 Red8 28.Bf3 b6 29.Rd2 h5 30.Nd4 Bxd4+ 31.Rxd4 a5
32.Ba3 Rxc7 33.dxc7 Rc8 34.Rd6 Nxd6 35.Bxd6 Ba6 36.h4 Kf7 37.Bc6 Kf6
38.Ke3 Kf7 39.Ke4 Kf6 40.a3 Rg8 41.g3 1/2-1/2

[Event "II. Magyar E-mail Döntõ"]
[Site "E4EC"]
[Date "2004.12.29"]
[Round "1"]
[White "Lakatos, András"]
[Black "Oltean, Gusztav"]
[Board "7146"]
[TimeControl "10/50"]
[WhiteElo "2222"]
[BlackElo "2069"]
[WhiteCountry "HUN"]
[BlackCountry "HUN"]
[Result "1-0"]

1.e4 c6 2.Nc3 d5 3.Qf3 dxe4 4.Nxe4 Nd7 5.d4 Ndf6 6.c3 Nxe4 7.Qxe4 Nf6
8.Qc2 Qd5 9.Nf3 Bf5 10.Bd3 Bxd3 11.Qxd3 e5 12.c4 Bb4+ 13.Kf1 Qd6
14.Nxe5 O-O 15.a3 Ba5 16.Bf4 Rfe8 17.Rd1 Rad8 18.g3 Qe6 19.Kg2 h6
20.Qf3 g5 21.Bd2 Bc7 22.Bb4 Bxe5 23.dxe5 Ng4 24.Rd6 Rxd6 25.exd6 Ne5
26.Qd1 Qf5 27.Re1 Rd8 28.Qe2 f6 29.Qh5 Kg7 30.Re3 a5 31.Bxa5 Rxd6
32.Bc3 Rd3 33.Re1 Ng6 34.a4 b6 35.Re8 Rd7 36.Qf3 Qxf3+ 37.Kxf3 1-0

[Event "II. Magyar E-mail Döntõ"]
[Site "E4EC"]
[Date "2005.01.07"]
[Round "1"]
[White "Lakatos, András"]
[Black "Szabó, Zoltán"]
[Board "7147"]
[TimeControl "10/50"]
[WhiteElo "2222"]
[BlackElo "1834"]
[WhiteCountry "HUN"]
[BlackCountry "HUN"]
[Result "1-0"]

1.d4 Nf6 2.c4 g6 3.Nf3 Bg7 4.Nc3 c5 5.e4 cxd4 6.Nxd4 Nc6 7.Be3 O-O
8.Be2 Nxd4 9.Bxd4 d6 10.O-O Bd7 11.Qd2 Bc6 12.f3 a5 13.b3 Nd7
14.Be3 Nc5 15.Rab1 Qb6 16.Rfc1 Rfc8 17.Rc2 Qd8 18.a3 b6 19.b4 Nd7
20.Nd5 axb4 21.axb4 Ra3 22.Bg5 f6 23.Be3 Rca8 24.Rbc1 e6 25.Nc3 Qe7
26.Nb5 Bxb5 27.cxb5 f5 28.Bg5 Bf6 29.Bxf6 Nxf6 30.Qd4 fxe4 31.fxe4 Ra2
32.Rc8+ Rxc8 33.Rxc8+ Kg7 34.Bf1 Ra7 35.Qxb6 Rb7 36.Qc6 Ng4 37.h3 Ne5
38.Qc1 Qh4 39.Rc7+ Rxc7 40.Qxc7+ Kh6 41.Qxd6 Qxe4 42.Qd2+ g5 43.b6 Qc6
44.Qd8 Qd7 45.Qf6+ Ng6 46.Qc3 Nf4 47.Qc5 Kg6 48.Qb5 Qb7 49.Qa6 Qb8
50.b7 Kg7 51.Kh1 Nd5 52.Qa8 Qf4 53.b8=Q Qxf1+ 54.Kh2 Qf4+ 55.Qxf4 1-0

[Event "II. Magyar E-mail Döntõ"]
[Site "E4EC"]
[Date "2004.12.29"]
[Round "1"]
[White "Lakatos, András"]
[Black "Kresz, László"]
[Board "7148"]
[TimeControl "10/50"]
[WhiteElo "2222"]
[BlackElo "1800"]
[WhiteCountry "HUN"]
[BlackCountry "HUN"]
[Result "0-1"]

1.d4 Nf6 2.c4 e6 3.Nc3 c5 4.d5 exd5 5.cxd5 d6 6.e4 g6 7.h3 Bg7
8.Bd3 O-O 9.Nf3 b5 10.Nxb5 Re8 11.O-O Nxe4 12.Re1 a6 13.Na3 Nf6
14.Rxe8+ Nxe8 15.Bg5 Qc7 16.Qe2 Nf6 17.Bxf6 Bxf6 18.Nc4 Bb7
19.Qe8+ Kg7 20.Qe4 Nd7 21.Rd1 Nb6 22.Nxb6 Qxb6 23.b3 Qb4 24.Bc4 Qa3
25.g4 h6 26.h4 g5 27.Kg2 gxh4 28.Qf4 Qxa2 29.Qxd6 Re8 30.Qd7 Qc2
31.Qxe8 Qxd1 32.Qe4 a5 33.Ne5 Bc8 34.Nf3 Qc1 35.Bd3 Kf8 36.Bb5 Qd1
37.Qe8+ Kg7 38.Be2 Qc2 39.Qxc8 Qxe2 40.Qf5 c4 41.g5 h3+ 42.Qxh3 hxg5
43.Qf5 Qd3 44.Qxd3 cxd3 45.Nd2 Bd4 46.Nc4 f5 47.f3 Kf6 48.Kg3 Be5+
49.Kf2 g4 50.fxg4 fxg4 51.d6 Bf4 52.Nb2 d2 53.Ke2 g3 54.d7 Ke7
55.Nd1 Kxd7 0-1

[Event "II. Magyar E-mail Döntõ"]
[Site "E4EC"]
[Date "2004.12.29"]
[Round "1"]
[White "Lakatos, András"]
[Black "Szabó, Zsolt"]
[Board "7149"]
[TimeControl "10/50"]
[WhiteElo "2222"]
[BlackElo "2314"]
[WhiteCountry "HUN"]
[BlackCountry "HUN"]
[Result "1/2-1/2"]

1.d4 Nf6 2.c4 g6 3.Nc3 d5 4.cxd5 Nxd5 5.e4 Nxc3 6.bxc3 Bg7 7.Be3 c5
8.Qd2 Qa5 9.Rc1 cxd4 10.cxd4 Qxd2+ 11.Kxd2 O-O 12.Bd3 Nc6 13.Ne2 Rd8
14.Rc4 f5 15.f3 fxe4 16.fxe4 Bg4 17.Rb1 Rab8 18.d5 Ne5 19.Rc3 e6
20.Nf4 b5 21.Rxb5 Nxd3 22.Rxb8 Bxc3+ 23.Kxd3 Rxb8 24.Kxc3 e5
25.Nd3 Re8 26.Bxa7 Rc8+ 27.Kb4 Ra8 28.Be3 Rxa2 29.Nxe5 Rxg2 30.Kc4 Kf8
31.h4 Bc8 32.Kc5 Re2 33.Kd4 Rh2 34.Bg5 Ke8 35.Nf3 Rh3 36.Nd2 Ba6
37.Kc5 h6 38.Bxh6 Rxh4 39.Be3 Rh5 40.Kd4 Rh4 41.Nf3 1/2-1/2

[Event "II. Magyar E-mail Döntõ"]
[Site "E4EC"]
[Date "2005.01.02"]
[Round "1"]
[White "Lakatos, András"]
[Black "Kovács, Arthur"]
[Board "7150"]
[TimeControl "10/50"]
[WhiteElo "2222"]
[BlackElo "2278"]
[WhiteCountry "HUN"]
[BlackCountry "HUN"]
[Result "1/2-1/2"]

1.d4 Nf6 2.Nf3 e6 3.c4 d5 4.Nc3 Be7 5.Bf4 O-O 6.e3 c5 7.dxc5 Bxc5
8.a3 Nc6 9.Rc1 a6 10.cxd5 exd5 11.Bd3 Ba7 12.O-O d4 13.exd4 Nxd4
14.Nxd4 Qxd4 15.Be3 Qh4 16.Bxa7 Rxa7 17.Qa4 Qxa4 18.Nxa4 b5 19.Nc5 Nd7
20.Ne4 Ne5 1/2-1/2

[Event "II. Magyar E-mail Döntõ"]
[Site "E4EC"]
[Date "2005.01.07"]
[Round "1"]
[White "Szabó, Zoltán"]
[Black "Jánosi, Ervin"]
[Board "7151"]
[TimeControl "10/50"]
[WhiteElo "1834"]
[BlackElo "2385"]
[WhiteCountry "HUN"]
[BlackCountry "HUN"]
[Result "1/2-1/2"]

1.Nf3 Nf6 2.c4 e6 3.d4 b6 4.g3 Ba6 5.b3 Bb4+ 6.Bd2 Be7 7.Bg2 c6
8.Bf4 d5 9.Nbd2 Nbd7 10.O-O Rc8 11.e4 Nxe4 12.Nxe4 dxe4 13.Ne5 Nf6
14.Qc2 O-O 15.Bxe4 Nxe4 16.Qxe4 Bb7 17.Rad1 Re8 18.Nf3 Ba8 19.Rd3 c5
20.Qe3 b5 21.dxc5 Qa5 22.Qd2 Qxd2 23.Nxd2 bxc4 24.Nxc4 Bxc5
25.Nd6 Red8 26.Rfd1 Rc6 27.Kf1 f6 28.Nb5 Rxd3 1/2-1/2